 Dungeon Crawl Stone Soup version 0.29.0-4-gdea44cf6ec (webtiles) character file.

Game seed: 9766838424999866011

29925 qw the Brawler (level 13, -6/124 HPs)
             Began as a Troll Cinder Acolyte on Aug 31, 2022.
             Was an Elder of Okawaru.
             Mangled by a seven-headed hydra (7 damage)
             ... on level 5 of the Lair of Beasts.
             The game lasted 00:07:02 (12807 turns).

qw the Brawler (Troll Cinder Acolyte)              Turns: 12807, Time: 00:07:03

Health: -6/124     AC: 14    Str: 32    XL:     13   Next: 17%
Magic:  14/15      EV: 11    Int: 10    God:    Okawaru [****..]
Gold:   719        SH: 11    Dex: 11    Spells: 14/14 levels left

rFire   . . .      SeeInvis +     - Unarmed
rCold   . . .      Faith    .   m - +0 kite shield
rNeg    . . .      Spirit   .   d - +2 steam dragon scales
rPois   .          Reflect  .   (helmet restricted)
rElec   .          Harm     .   k - +0 cloak
rCorr   +          Rampage  .   (gloves unavailable)
Will    .....                   (boots unavailable)
Stlth   +++.......              (no amulet)
HPRegen 1.10/turn               o - +6 ring of dexterity
MPRegen 0.14/turn               b - ring of Voicsueg {rCorr Str+3}

@: about to teleport, heroic, fire susceptible
A: large, unfitting armour, claws 3, regeneration 1, shaggy fur 1, tough skin 1,
iridescent scales 1, see invisible
a: Renounce Religion, Heroism, Finesse


You were on level 5 of the Lair of Beasts.
You worshipped Okawaru.
Okawaru was greatly pleased with you.
You visited 2 branches of the dungeon, and saw 15 of its levels.

You collected 884 gold pieces.
You spent 165 gold pieces at shops.


Innate Abilities, Weirdness & Mutations

You are too large for most types of armour.
You have claws for hands.
Your natural rate of healing is unusually fast.
You are covered in fur. (AC +1)
You have tough skin. (AC +1)
You are partially covered in iridescent scales. (AC +2)
You have supernaturally acute eyesight. (SInv)


   Skills:
 - Level 7.0(12.0) Fighting
 - Level 7.1(12.1) Throwing
 - Level 3.4(8.4) Armour
 - Level 2.3(7.3) Dodging
 + Level 6.5(11.5) Shields
 - Level 17.0(22.0) Unarmed Combat
 - Level 1.0 Spellcasting
 - Level 2.1 Fire Magic
 + Level 4.2 Invocations


You had 14 spell levels left.
You didn't know any spells.
Your spell library contained the following spells:

 Spells                   Type           Power      Damage    Failure   Level
 Scorch                   Fire           8%         2d5       36%         2

Inventory:

Missiles
 j - 8 boomerangs
 n - 3 large rocks (quivered)
Armour
 d - +2 steam dragon scales (worn)
 k - a +0 cloak (worn)
 m - a +0 kite shield (worn)
Jewellery
 b - the ring of Voicsueg (right claw) {rCorr Str+3}
   (You found it on level 3 of the Lair of Beasts)

   [ring of resist corrosion]

   Str:       It affects your strength (+3).
   rCorr:     It protects you from acid and corrosion.
 o - a +6 ring of dexterity (left claw)
Scrolls
 f - 3 scrolls of teleportation
 g - 12 scrolls of identify
Potions
 c - 4 potions of might
 e - 15 potions of curing
 h - a potion of haste

Dungeon Overview and Level Annotations

Branches:
Dungeon (10/15)            Temple (0/1) D:4            Lair (5/5) D:10
  Swamp (0/4) Lair:3        Snake (0/4) Lair:3        Slime (0/5) Lair:4
    Orc (0/2) D:9

Altars:
Ashenzari
Elyvilon
Fedhas
Gozag
Hepliaklqana
Kikubaaqudgha
Makhleb
Okawaru
Sif Muna
Trog
Xom
Yredelemnul
Zin
The Shining One
Jiyva

Shops:
D:6 !   D:10 [

Annotations:
D:3 1 runed translucent door, Crazy Yiuf
D:5 3 runed translucent doors, qw's ghost, amateur TeWr
D:8 3 runed translucent doors


Message History

The nine-headed hydra bites you! The nine-headed hydra bites you.
You block the nine-headed hydra's attack.
The nine-headed hydra bites you!
You block the nine-headed hydra's attack.
The nine-headed hydra bites you. The nine-headed hydra misses you.
The nine-headed hydra bites you but does no damage.
The six-headed hydra barely misses you.
The six-headed hydra bites you but does no damage.
The six-headed hydra barely misses you. The six-headed hydra bites you.
The six-headed hydra bites you but does no damage. x2
You hear a bellow! x2
12805 ||| READING 4 scrolls of teleportation.
As you read the scroll of teleportation, it crumbles to dust.
You feel strangely unstable.
The six-headed hydra bites you but does no damage.
The six-headed hydra bites you!
The six-headed hydra bites you but does no damage.
You block the six-headed hydra's attack.
The six-headed hydra bites you but does no damage. x2
You block the nine-headed hydra's attack.
The nine-headed hydra closely misses you.
You block the nine-headed hydra's attack.
The nine-headed hydra closely misses you.
The nine-headed hydra bites you! x2
The nine-headed hydra closely misses you.
The nine-headed hydra misses you.
The nine-headed hydra closely misses you.
You tear one of the nine-headed hydra's heads off!
The eight-headed hydra grows two more!
You mangle the ten-headed hydra!!
You kill the ten-headed hydra!
Okawaru accepts your kill.
You tear one of the six-headed hydra's heads off!
The five-headed hydra grows two more!
You mangle the seven-headed hydra!!
The seven-headed hydra is heavily wounded.
The black mamba bites you but does no damage.
You block the seven-headed hydra's attack.
The seven-headed hydra barely misses you.
You block the seven-headed hydra's attack.
The seven-headed hydra bites you. The seven-headed hydra bites you!
You die...

Y### ### ...+ ......
...}.......... .l ....
....P.... ... ...#
......... ...# ###...#
.......(. #.l.### #@....#
..P......
#....#.###DS.#............(
#...l}.l..#...........P..
##........#..............
###.<.##......).........
......###...............P.P
.....# #+PP#.#.........(.
#.#.. ..###........... ##..
####............


You could see a seven-headed hydra, a komodo dragon and a black mamba.

Vanquished Creatures
  A hydra (Lair:5)
  Erica (D:9)
  A manticore (D:10)
  5 elephants (Lair:4)
  2 oklob plants (Lair:2)
  4 black mambas
  12 cane toads
  4 komodo dragons
  2 trolls (D:10)
  A polar bear (Lair:3)
  Prince Ribbit (D:6)
  A hornet (D:10)
  Grinder (D:6)
  3 blink frogs (Lair:4)
  Sigmund (D:6)
  2 shadows (D:9)
  5 wyverns
  59 yaks
  7 basilisks
  10 fire elementals
  2 steam dragons (D:8)
  2 acid dragons (D:10)
  Edmund (D:6)
  3 nagas (Lair:3)
  23 water moccasins
  3 ice beasts
  2 sky beasts
  4 orc warriors
  2 ogres
  8 wolves
  2 centaurs
  6 phantoms
  4 kobold brigands
  9 bullfrogs
  2 scorpions
  4 wights (D:10)
  3 troll zombies (D:9)
  3 killer bees (D:8)
  A howler monkey (D:7)
  An electric eel (D:10)
  2 jellies
  6 orc priests
  2 iguanas (D:5)
  Natasha (D:2)
  8 orc wizards
  5 ogre zombies (D:9)
  3 gnolls (D:3)
  9 adders
  An ufetubus (D:4)
  2 worms
  A dart slug (D:1)
  16 orcs
  10 ball pythons
  A bat (D:3)
  8 endoplasms
  3 giant cockroaches (D:2)
  6 goblins
  2 hobgoblins
  2 jackals (D:3)
  2 quokkas
  3 frilled lizards
  A goblin skeleton (D:9)
  4 goblin zombies (D:9)
  3 hobgoblin zombies (D:9)
  20 kobolds
  3 orc skeletons (D:9)
  14 orc zombies (D:9)
  4 rats
  A bush (D:10)
351 creatures vanquished.

Vanquished Creatures (others)
  A bush (D:10)
  20 fungi
  43 plants
64 creatures vanquished.

Grand Total: 415 creatures vanquished

Notes
Turn   | Place    | Note
-------+----------+-------------------------------------------
     0 | D:1      | qw the Troll Cinder Acolyte began the quest for the Orb.
     0 | D:1      | Reached XP level 1. HP: 22/22 MP: 1/1
     0 | D:1      | 0 ||| qw: Version: 0.1-a-97-g2dd2ca4
     0 | D:1      | 0 ||| qw: Game counter: 4500
     0 | D:1      | 0 ||| qw: Always use a shield: true
     0 | D:1      | 0 ||| qw: God list: Okawaru
     0 | D:1      | 0 ||| qw: Allow faded altars: false
     0 | D:1      | 0 ||| qw: Do Orc after D:15 true
     0 | D:1      | 0 ||| qw: Do second Lair branch before Depths: true
     0 | D:1      | 0 ||| qw: Lair rune preference: random
     0 | D:1      | 0 ||| qw: Plans: Normal
     0 | D:1      | 0 ||| PLANNING D:1-11
   193 | D:1      | 193 ||| Stepping ~*~*~tactically~*~*~ (hiding).
   194 | D:1      | 194 ||| Stepping ~*~*~tactically~*~*~ (hiding).
   318 | D:1      | Found a faded altar of an unknown god.
   398 | D:1      | Reached XP level 2. HP: 29/29 MP: 2/2
   779 | D:1      | 779 ||| Stepping ~*~*~tactically~*~*~ (stealth).
   867 | D:1      | 867 ||| READING scroll labelled SASEYRUUDU.
   870 | D:1      | 870 ||| READING scroll labelled JEGRAV SESE.
   871 | D:1      | 871 ||| READING scroll labelled RAASMA WI DOU.
   872 | D:1      | 872 ||| DRINKING 2 black potions.
   873 | D:1      | 873 ||| DRINKING 4 sedimented golden potions.
   874 | D:1      | 874 ||| DROPPING potion of degeneration.
   913 | D:2      | Reached skill level 4 in Unarmed Combat
  1015 | D:2      | Reached XP level 3. HP: 29/36 MP: 3/3
  1155 | D:2      | Noticed Natasha
  1156 | D:2      | 1156 ||| Stepping ~*~*~tactically~*~*~ (hiding).
  1166 | D:2      | Killed Natasha
  1181 | D:2      | 1181 ||| Stepping ~*~*~tactically~*~*~ (stealth).
  1183 | D:2      | 1183 ||| Stepping ~*~*~tactically~*~*~ (stealth).
  1221 | D:2      | Reached XP level 4. HP: 44/44 MP: 4/4
  1240 | D:2      | Reached skill level 5 in Unarmed Combat
  1758 | D:2      | 1758 ||| READING 2 scrolls labelled IGUTHE ALAIXTA.
  1759 | D:2      | 1759 ||| READING scroll labelled HUINIDANUF.
  1760 | D:2      | 1760 ||| READING scroll labelled ACZASS TO SYRO.
  1761 | D:2      | 1761 ||| DRINKING 2 lumpy emerald potions.
  1761 | D:2      | Gained mutation: You occasionally shout uncontrollably at
                  | your foes. [potion of mutation]
  1761 | D:2      | Gained mutation: You are frail. (-10% HP) [potion of
                  | mutation]
  1761 | D:2      | Gained mutation: Your system is resistant to poisons.
                  | (rPois) [potion of mutation]
  1762 | D:2      | 1762 ||| DRINKING potion of mutation.
  1762 | D:2      | Lost mutation: Your system is resistant to poisons. (rPois)
                  | [potion of mutation]
  1762 | D:2      | Lost mutation: You are frail. (-10% HP) [potion of
                  | mutation]
  1762 | D:2      | Lost mutation: You occasionally shout uncontrollably at
                  | your foes. [potion of mutation]
  1762 | D:2      | Gained mutation: You have supernaturally acute eyesight.
                  | (SInv) [potion of mutation]
  1762 | D:2      | Gained mutation: You are partially covered in iridescent
                  | scales. (AC +2) [potion of mutation]
  1768 | D:2      | 1768 ||| Stepping randomly (stuck).
  2087 | D:3      | Found a glowing golden altar of the Shining One.
  2118 | D:3      | Noticed an ogre
  2124 | D:3      | Killed an ogre
  2125 | D:3      | Reached skill level 6 in Unarmed Combat
  2125 | D:3      | Reached XP level 5. HP: 50/50 MP: 5/5
  2174 | D:3      | Found a runed translucent door.
  2175 | D:3      | Noticed Crazy Yiuf
  2303 | D:3      | 2303 ||| INVOKING Fiery Armour.
  2503 | D:3      | 2503 ||| READING scroll labelled SEZIEMN IDDAOSK.
  2504 | D:3      | 2504 ||| READING scroll labelled ZATEACZIUT.
  2505 | D:3      | 2505 ||| DRINKING 2 silvery potions.
  2506 | D:3      | 2506 ||| READING 3 scrolls of identify.
  2506 | D:3      | 2506 ||| IDENTIFYING coppery potion
  2507 | D:3      | 2507 ||| READING 2 scrolls of identify.
  2507 | D:3      | 2507 ||| IDENTIFYING inky potion
  2508 | D:3      | 2508 ||| DROPPING potion of flight.
  2509 | D:3      | 2509 ||| DROPPING potion of attraction.
  2510 | D:3      | 2510 ||| DROPPING potion of brilliance.
  2545 | D:4      | Found a staircase to the Ecumenical Temple.
  2793 | D:4      | Reached skill level 7 in Unarmed Combat
  2793 | D:4      | Reached XP level 6. HP: 50/59 MP: 6/6
  3225 | D:4      | 3225 ||| UPGRADING to +0 cloak.
  3230 | D:4      | 3230 ||| READING scroll labelled KYWOGOEGUE.
  3231 | D:4      | 3231 ||| READING scroll labelled ASHATU HORPHO.
  3232 | D:4      | 3232 ||| READING 2 scrolls of identify.
  3232 | D:4      | 3232 ||| IDENTIFYING fizzy sapphire potion
  3233 | D:4      | 3233 ||| DROPPING potion of berserk rage.
  3264 | D:5      | Entered Level 5 of the Dungeon
  3265 | D:5      | 3265 ||| STAIRDANCE
  3287 | D:5      | Noticed an ice beast
  3302 | D:5      | Killed an ice beast
  3372 | D:5      | Reached skill level 8 in Unarmed Combat
  3372 | D:5      | Reached XP level 7. HP: 62/66 MP: 7/7
  3410 | D:5      | Reached skill level 3 in Fighting
  3500 | D:5      | Found a shimmering altar of Xom.
  3501 | D:5      | Found a shimmering altar of Xom.
  3553 | D:5      | Found an iron altar of Okawaru.
  3630 | D:5      | Found a runed translucent gate.
  3631 | D:5      | Found a runed translucent gate.
  3632 | D:5      | Found a runed translucent gate.
  3634 | D:5      | Noticed qw's ghost (amateur TeWr)
  3825 | D:5      | 3825 ||| DRINKING 2 fuming inky potions.
  3826 | D:5      | 3826 ||| READING 3 scrolls of identify.
  3826 | D:5      | 3826 ||| IDENTIFYING fizzy black potion
  3827 | D:5      | 3827 ||| READING 2 scrolls of identify.
  3827 | D:5      | 3827 ||| IDENTIFYING emerald potion
  3828 | D:5      | 3828 ||| DROPPING potion of invisibility.
  3848 | D:6      | Found Giry's Distillery.
  3851 | D:6      | 3851 ||| BUYING potion of curing (45 gold).
  3851 | D:6      | Bought a potion of curing for 45 gold pieces
  3851 | D:6      | 3851 ||| BUYING potion of curing (45 gold).
  3851 | D:6      | Bought a potion of curing for 45 gold pieces
  3851 | D:6      | 3851 ||| BUYING potion of heal wounds (75 gold).
  3851 | D:6      | Bought a potion of heal wounds for 75 gold pieces
  3851 | D:6      | 3851 ||| SHOPLISTING potion of heal wounds (75 gold, have
                  | 45).
  3851 | D:6      | 3851 ||| SHOPLISTING potion of resistance (150 gold, have
                  | 45).
  3860 | D:6      | Reached skill level 9 in Unarmed Combat
  3933 | D:6      | 3933 ||| Stepping ~*~*~tactically~*~*~ (hiding).
  3942 | D:6      | 3942 ||| Stepping ~*~*~tactically~*~*~ (outnumbered).
  3945 | D:6      | 3945 ||| Stepping ~*~*~tactically~*~*~ (outnumbered).
  3949 | D:6      | Reached skill level 1 in Throwing
  3977 | D:6      | 3977 ||| Stepping ~*~*~tactically~*~*~ (hiding).
  3979 | D:6      | Noticed Sigmund
  3984 | D:6      | 3984 ||| Stepping ~*~*~tactically~*~*~ (hiding).
  3986 | D:6      | Noticed Prince Ribbit
  3990 | D:6      | 3990 ||| INVOKING Fiery Armour.
  3992 | D:6      | 3992 ||| DRINKING 9 potions of curing.
  3992 | D:6      | 3992 ||| (to cure confusion)
  3994 | D:6      | Reached skill level 1 in Dodging
  3996 | D:6      | Reached XP level 8. HP: 74/75 MP: 8/8
  4005 | D:6      | Killed Prince Ribbit
  4006 | D:6      | Reached skill level 10 in Unarmed Combat
  4009 | D:6      | Killed Sigmund
  4034 | D:6      | 4034 ||| Stepping ~*~*~tactically~*~*~ (outnumbered).
  4035 | D:6      | 4035 ||| Stepping ~*~*~tactically~*~*~ (outnumbered).
  4036 | D:6      | 4036 ||| Stepping ~*~*~tactically~*~*~ (outnumbered).
  4037 | D:6      | 4037 ||| Stepping ~*~*~tactically~*~*~ (outnumbered).
  4038 | D:6      | 4038 ||| Stepping ~*~*~tactically~*~*~ (outnumbered).
  4039 | D:6      | 4039 ||| Stepping ~*~*~tactically~*~*~ (outnumbered).
  4086 | D:6      | Noticed Grinder
  4087 | D:6      | 4087 ||| Stepping ~*~*~tactically~*~*~ (hiding).
  4095 | D:6      | 4095 ||| Stepping ~*~*~tactically~*~*~ (hiding).
  4101 | D:6      | Killed Grinder
  4281 | D:6      | Found a bloodstained altar of Trog.
  4294 | D:6      | Noticed Edmund
  4295 | D:6      | 4295 ||| Stepping ~*~*~tactically~*~*~ (hiding).
  4303 | D:6      | Killed Edmund
  4304 | D:6      | Reached skill level 11 in Unarmed Combat
  4334 | D:6      | Reached XP level 9. HP: 81/84 MP: 9/9
  4523 | D:6      | 4523 ||| READING scroll labelled QOIKAM NULI.
  4524 | D:6      | 4524 ||| DRINKING 2 clear potions.
  4525 | D:6      | 4525 ||| READING 4 scrolls of identify.
  4525 | D:6      | 4525 ||| IDENTIFYING green potion
  4526 | D:6      | 4526 ||| DROPPING potion of magic.
  4553 | D:7      | Found an ancient bone altar of Kikubaaqudgha.
  4768 | D:7      | 4768 ||| Stepping ~*~*~tactically~*~*~ (stealth).
  4776 | D:7      | 4776 ||| Stepping ~*~*~tactically~*~*~ (stealth).
  4859 | D:7      | 4859 ||| Stepping ~*~*~tactically~*~*~ (stealth).
  4862 | D:7      | 4862 ||| Stepping ~*~*~tactically~*~*~ (stealth).
  4868 | D:7      | 4868 ||| Stepping ~*~*~tactically~*~*~ (outnumbered).
  4871 | D:7      | 4871 ||| Stepping ~*~*~tactically~*~*~ (stealth).
  4886 | D:7      | Reached skill level 12 in Unarmed Combat
  4925 | D:7      | 4925 ||| Stepping ~*~*~tactically~*~*~ (stealth).
  4963 | D:7      | 4963 ||| Stepping ~*~*~tactically~*~*~ (stealth).
  5043 | D:7      | Found a blossoming altar of Fedhas.
  5075 | D:7      | 5075 ||| Stepping ~*~*~tactically~*~*~ (hiding).
  5078 | D:7      | 5078 ||| Stepping ~*~*~tactically~*~*~ (hiding).
  5082 | D:7      | 5082 ||| INVOKING Fiery Armour.
  5112 | D:7      | Found a white marble altar of Elyvilon.
  5146 | D:7      | Found a glowing silver altar of Zin.
  5219 | D:7      | 5219 ||| FLEEEEING.
  5225 | D:7      | 5225 ||| FLEEEEING.
  5229 | D:7      | 5229 ||| FLEEEEING.
  5262 | D:7      | 5262 ||| INVOKING Fiery Armour.
  5521 | D:8      | 5521 ||| Stepping ~*~*~tactically~*~*~ (stealth).
  5562 | D:8      | 5562 ||| Stepping ~*~*~tactically~*~*~ (hiding).
  5663 | D:8      | Reached skill level 13 in Unarmed Combat
  5793 | D:8      | Found a basalt altar of Yredelemnul.
  5836 | D:8      | Reached skill level 1 in Armour
  5880 | D:8      | 5880 ||| Stepping ~*~*~tactically~*~*~ (hiding).
  5919 | D:8      | Reached XP level 10. HP: 96/96 MP: 10/10
  6032 | D:8      | Found a runed translucent gate.
  6032 | D:8      | Found a runed translucent gate.
  6032 | D:8      | Found a runed translucent gate.
  6033 | D:8      | Noticed a red ugly thing
  6033 | D:8      | Noticed a purple ugly thing
  6033 | D:8      | Noticed a white ugly thing
  6036 | D:8      | Noticed a green ugly thing
  6098 | D:8      | 6098 ||| Stepping ~*~*~tactically~*~*~ (stealth).
  6104 | D:8      | 6104 ||| Stepping ~*~*~tactically~*~*~ (outnumbered).
  6105 | D:8      | 6105 ||| Stepping ~*~*~tactically~*~*~ (outnumbered).
  6106 | D:8      | 6106 ||| Stepping ~*~*~tactically~*~*~ (outnumbered).
  6107 | D:8      | 6107 ||| Stepping ~*~*~tactically~*~*~ (outnumbered).
  6108 | D:8      | 6108 ||| Stepping ~*~*~tactically~*~*~ (outnumbered).
  6110 | D:8      | 6110 ||| Stepping ~*~*~tactically~*~*~ (outnumbered).
  6111 | D:8      | 6111 ||| Stepping ~*~*~tactically~*~*~ (outnumbered).
  6112 | D:8      | 6112 ||| Stepping ~*~*~tactically~*~*~ (outnumbered).
  6113 | D:8      | 6113 ||| Stepping ~*~*~tactically~*~*~ (outnumbered).
  6114 | D:8      | 6114 ||| Stepping ~*~*~tactically~*~*~ (outnumbered).
  6115 | D:8      | 6115 ||| Stepping ~*~*~tactically~*~*~ (outnumbered).
  6116 | D:8      | 6116 ||| Stepping ~*~*~tactically~*~*~ (outnumbered).
  6117 | D:8      | 6117 ||| Stepping ~*~*~tactically~*~*~ (outnumbered).
  6118 | D:8      | 6118 ||| Stepping ~*~*~tactically~*~*~ (outnumbered).
  6119 | D:8      | 6119 ||| Stepping ~*~*~tactically~*~*~ (outnumbered).
  6120 | D:8      | 6120 ||| Stepping ~*~*~tactically~*~*~ (outnumbered).
  6121 | D:8      | 6121 ||| Stepping ~*~*~tactically~*~*~ (outnumbered).
  6122 | D:8      | 6122 ||| Stepping ~*~*~tactically~*~*~ (outnumbered).
  6123 | D:8      | 6123 ||| Stepping ~*~*~tactically~*~*~ (outnumbered).
  6124 | D:8      | 6124 ||| Stepping ~*~*~tactically~*~*~ (outnumbered).
  6125 | D:8      | 6125 ||| Stepping ~*~*~tactically~*~*~ (outnumbered).
  6126 | D:8      | 6126 ||| Stepping ~*~*~tactically~*~*~ (outnumbered).
  6127 | D:8      | 6127 ||| Stepping ~*~*~tactically~*~*~ (outnumbered).
  6128 | D:8      | 6128 ||| Stepping ~*~*~tactically~*~*~ (outnumbered).
  6129 | D:8      | 6129 ||| INVOKING Fiery Armour.
  6382 | D:8      | 6382 ||| UPGRADING to +0 steam dragon scales.
  6392 | D:8      | 6392 ||| DROPPING +0 robe.
  6471 | D:9      | Found a shimmering blue altar of Sif Muna.
  6493 | D:9      | Noticed Erica
  6494 | D:9      | 6494 ||| Stepping ~*~*~tactically~*~*~ (hiding).
  6496 | D:9      | 6496 ||| INVOKING Fiery Armour.
  6504 | D:9      | Killed Erica
  6505 | D:9      | Reached skill level 3 in Armour
  6551 | D:9      | 6551 ||| Stepping ~*~*~tactically~*~*~ (stealth).
  6552 | D:9      | 6552 ||| Stepping ~*~*~tactically~*~*~ (stealth).
  6557 | D:9      | 6557 ||| Stepping ~*~*~tactically~*~*~ (stealth).
  6566 | D:9      | 6566 ||| Stepping ~*~*~tactically~*~*~ (outnumbered).
  6567 | D:9      | 6567 ||| Stepping ~*~*~tactically~*~*~ (outnumbered).
  6568 | D:9      | 6568 ||| Stepping ~*~*~tactically~*~*~ (stealth).
  6574 | D:9      | Reached skill level 14 in Unarmed Combat
  6575 | D:9      | 6575 ||| Stepping ~*~*~tactically~*~*~ (stealth).
  6576 | D:9      | 6576 ||| Stepping ~*~*~tactically~*~*~ (stealth).
  6592 | D:9      | 6592 ||| Stepping ~*~*~tactically~*~*~ (stealth).
  6608 | D:9      | 6608 ||| Stepping ~*~*~tactically~*~*~ (stealth).
  6610 | D:9      | 6610 ||| Stepping ~*~*~tactically~*~*~ (stealth).
  6621 | D:9      | 6621 ||| Stepping ~*~*~tactically~*~*~ (stealth).
  6622 | D:9      | 6622 ||| Stepping ~*~*~tactically~*~*~ (stealth).
  6634 | D:9      | 6634 ||| Stepping ~*~*~tactically~*~*~ (stealth).
  6655 | D:9      | 6655 ||| INVOKING Fiery Armour.
  6662 | D:9      | 6662 ||| Stepping ~*~*~tactically~*~*~ (outnumbered).
  6668 | D:9      | Reached skill level 6 in Fighting
  6708 | D:9      | 6708 ||| Stepping ~*~*~tactically~*~*~ (outnumbered).
  6722 | D:9      | Found a staircase to the Orcish Mines.
  6741 | D:9      | 6741 ||| Stepping ~*~*~tactically~*~*~ (outnumbered).
  6865 | D:9      | 6865 ||| Stepping ~*~*~tactically~*~*~ (stealth).
  6867 | D:9      | 6867 ||| Stepping ~*~*~tactically~*~*~ (stealth).
  6879 | D:9      | Found an opulent altar of Gozag.
  7040 | D:9      | 7040 ||| Stepping ~*~*~tactically~*~*~ (stealth).
  7042 | D:9      | 7042 ||| Stepping ~*~*~tactically~*~*~ (hiding).
  7043 | D:9      | 7043 ||| Stepping ~*~*~tactically~*~*~ (hiding).
  7047 | D:9      | 7047 ||| Stepping ~*~*~tactically~*~*~ (outnumbered).
  7050 | D:9      | 7050 ||| Stepping ~*~*~tactically~*~*~ (outnumbered).
  7051 | D:9      | 7051 ||| Stepping ~*~*~tactically~*~*~ (outnumbered).
  7104 | D:9      | Reached skill level 3 in Throwing
  7165 | D:9      | 7165 ||| Stepping ~*~*~tactically~*~*~ (outnumbered).
  7188 | D:9      | Reached XP level 11. HP: 75/105 MP: 11/11
  7257 | D:10     | Entered Level 10 of the Dungeon
  7304 | D:10     | 7304 ||| Stepping ~*~*~tactically~*~*~ (hiding).
  7306 | D:10     | 7306 ||| Stepping ~*~*~tactically~*~*~ (hiding).
  7307 | D:10     | 7307 ||| Stepping ~*~*~tactically~*~*~ (hiding).
  7317 | D:10     | 7317 ||| FLEEEEING.
  7318 | D:10     | 7318 ||| FLEEEEING.
  7319 | D:10     | 7319 ||| FLEEEEING.
  7320 | D:10     | 7320 ||| FLEEEEING.
  7321 | D:10     | 7321 ||| FLEEEEING.
  7322 | D:10     | 7322 ||| FLEEEEING.
  7323 | D:10     | 7323 ||| FLEEEEING.
  7324 | D:10     | 7324 ||| FLEEEEING.
  7325 | D:10     | 7325 ||| FLEEEEING.
  7326 | D:10     | 7326 ||| FLEEEEING.
  7358 | D:10     | 7358 ||| Stepping ~*~*~tactically~*~*~ (stealth).
  7361 | D:10     | 7361 ||| Stepping ~*~*~tactically~*~*~ (stealth).
  7366 | D:10     | 7366 ||| INVOKING Fiery Armour.
  7385 | D:10     | HP: 19/105 [acid dragon/splash of acid (23)]
  7386 | D:10     | 7386 ||| READING 7 scrolls of teleportation.
  7387 | D:10     | 7387 ||| DRINKING potion of heal wounds.
  7392 | D:10     | 7392 ||| FLEEEEING.
  7393 | D:10     | 7393 ||| FLEEEEING.
  7394 | D:10     | 7394 ||| FLEEEEING.
  7395 | D:10     | 7395 ||| FLEEEEING.
  7396 | D:10     | 7396 ||| FLEEEEING.
  7397 | D:10     | 7397 ||| FLEEEEING.
  7398 | D:10     | 7398 ||| FLEEEEING.
  7399 | D:10     | 7399 ||| FLEEEEING.
  7400 | D:10     | 7400 ||| FLEEEEING.
  7401 | D:10     | 7401 ||| FLEEEEING.
  7402 | D:10     | 7402 ||| FLEEEEING.
  7403 | D:10     | 7403 ||| FLEEEEING.
  7404 | D:10     | 7404 ||| FLEEEEING.
  7405 | D:10     | 7405 ||| FLEEEEING.
  7406 | D:10     | 7406 ||| FLEEEEING.
  7407 | D:10     | 7407 ||| FLEEEEING.
  7408 | D:10     | 7408 ||| FLEEEEING.
  7409 | D:10     | 7409 ||| FLEEEEING.
  7410 | D:10     | 7410 ||| FLEEEEING.
  7411 | D:10     | 7411 ||| FLEEEEING.
  7412 | D:10     | 7412 ||| FLEEEEING.
  7413 | D:10     | 7413 ||| FLEEEEING.
  7414 | D:10     | 7414 ||| FLEEEEING.
  7415 | D:10     | 7415 ||| FLEEEEING.
  7416 | D:10     | 7416 ||| FLEEEEING.
  7417 | D:10     | 7417 ||| FLEEEEING.
  7418 | D:10     | 7418 ||| FLEEEEING.
  7423 | D:10     | 7423 ||| FLEEEEING.
  7424 | D:10     | 7424 ||| FLEEEEING.
  7425 | D:10     | 7425 ||| FLEEEEING.
  7426 | D:10     | 7426 ||| FLEEEEING.
  7427 | D:10     | 7427 ||| FLEEEEING.
  7431 | D:10     | 7431 ||| STAIRDANCE
  7449 | D:9      | 7449 ||| DROPPING scarf of shadows.
  7452 | D:10     | 7452 ||| STAIRDANCE
  7509 | D:10     | Found a staircase to the Lair.
  7510 | D:10     | 7510 ||| INVOKING Fiery Armour.
  7512 | D:10     | 7512 ||| Stepping ~*~*~tactically~*~*~ (outnumbered).
  7517 | D:10     | Reached skill level 6 in Throwing
  7520 | D:10     | 7520 ||| Stepping ~*~*~tactically~*~*~ (outnumbered).
  7522 | D:10     | 7522 ||| DRINKING 2 potions of cancellation.
  7532 | D:10     | 7532 ||| DRINKING potion of cancellation.
  7626 | D:10     | Reached skill level 15 in Unarmed Combat
  7626 | D:10     | 7626 ||| FLEEEEING.
  7627 | D:10     | 7627 ||| FLEEEEING.
  7628 | D:10     | 7628 ||| FLEEEEING.
  7629 | D:10     | 7629 ||| FLEEEEING.
  7630 | D:10     | 7630 ||| FLEEEEING.
  7631 | D:10     | 7631 ||| FLEEEEING.
  7632 | D:10     | 7632 ||| FLEEEEING.
  7633 | D:10     | 7633 ||| FLEEEEING.
  7635 | D:10     | 7635 ||| FLEEEEING.
  7636 | D:10     | 7636 ||| FLEEEEING.
  7637 | D:10     | 7637 ||| FLEEEEING.
  7638 | D:10     | 7638 ||| FLEEEEING.
  7639 | D:10     | 7639 ||| FLEEEEING.
  7648 | D:10     | 7648 ||| FLEEEEING.
  7649 | D:10     | 7649 ||| FLEEEEING.
  7650 | D:10     | 7650 ||| FLEEEEING.
  7654 | D:10     | 7654 ||| STAIRDANCE
  7837 | D:10     | Found a hazy altar of Hepliaklqana.
  7847 | D:10     | Found a burning altar of Makhleb.
  7902 | D:10     | Found Tiapleol's Armour Emporium.
  7912 | D:10     | 7912 ||| SHOPLISTING +0 ice dragon scales (660 gold, have
                  | 274).
  8025 | D:10     | Found a broken altar of Ashenzari.
  8119 | D:10     | 8119 ||| PLANNING LAIR
  8119 | D:10     | 8119 ||| UPGRADING to ring of resist corrosion.
  8120 | D:10     | 8120 ||| READING scroll labelled TOLOHU HORE.
  8121 | D:10     | 8121 ||| READING scroll labelled HASCHA WIUWK.
  8145 | Lair:1   | Entered Level 1 of the Lair of Beasts
  8258 | Lair:1   | 8258 ||| Stepping ~*~*~tactically~*~*~ (stealth).
  8313 | Lair:1   | 8313 ||| Stepping ~*~*~tactically~*~*~ (stealth).
  8315 | Lair:1   | 8315 ||| Stepping ~*~*~tactically~*~*~ (stealth).
  8428 | Lair:1   | 8428 ||| INVOKING Fiery Armour.
  8430 | Lair:1   | 8430 ||| Stepping ~*~*~tactically~*~*~ (stealth).
  8448 | Lair:1   | Reached skill level 16 in Unarmed Combat
  8448 | Lair:1   | 8448 ||| Stepping ~*~*~tactically~*~*~ (stealth).
  8451 | Lair:1   | 8451 ||| Stepping ~*~*~tactically~*~*~ (stealth).
  8452 | Lair:1   | 8452 ||| Stepping ~*~*~tactically~*~*~ (stealth).
  8458 | Lair:1   | 8458 ||| Stepping ~*~*~tactically~*~*~ (stealth).
  8460 | Lair:1   | 8460 ||| Stepping ~*~*~tactically~*~*~ (stealth).
  8476 | Lair:1   | 8476 ||| Stepping ~*~*~tactically~*~*~ (stealth).
  8477 | Lair:1   | 8477 ||| Stepping ~*~*~tactically~*~*~ (stealth).
  8479 | Lair:1   | 8479 ||| Stepping ~*~*~tactically~*~*~ (stealth).
  8480 | Lair:1   | 8480 ||| Stepping ~*~*~tactically~*~*~ (stealth).
  8992 | Lair:2   | 8992 ||| INVOKING Fiery Armour.
  8993 | Lair:2   | 8993 ||| STAIRDANCE
  9009 | Lair:2   | 9009 ||| STAIRDANCE
  9014 | Lair:1   | 9014 ||| Stepping ~*~*~tactically~*~*~ (outnumbered).
  9015 | Lair:1   | 9015 ||| Stepping ~*~*~tactically~*~*~ (outnumbered).
  9081 | Lair:2   | 9081 ||| STAIRDANCE
  9147 | Lair:2   | Noticed an oklob plant
  9148 | Lair:2   | 9148 ||| INVOKING Fiery Armour.
  9156 | Lair:2   | Killed an oklob plant
  9157 | Lair:2   | Reached XP level 12. HP: 114/118 MP: 12/12
  9179 | Lair:2   | 9179 ||| Stepping ~*~*~tactically~*~*~ (stealth).
  9180 | Lair:2   | 9180 ||| Stepping ~*~*~tactically~*~*~ (stealth).
  9181 | Lair:2   | 9181 ||| Stepping ~*~*~tactically~*~*~ (stealth).
  9278 | Lair:2   | 9278 ||| Stepping ~*~*~tactically~*~*~ (stealth).
  9290 | Lair:2   | 9290 ||| Stepping ~*~*~tactically~*~*~ (stealth).
  9291 | Lair:2   | 9291 ||| Stepping ~*~*~tactically~*~*~ (stealth).
  9292 | Lair:2   | 9292 ||| Stepping ~*~*~tactically~*~*~ (stealth).
  9352 | Lair:2   | 9352 ||| INVOKING Fiery Armour.
  9365 | Lair:2   | 9365 ||| Stepping ~*~*~tactically~*~*~ (stealth).
  9366 | Lair:2   | 9366 ||| Stepping ~*~*~tactically~*~*~ (stealth).
  9469 | Lair:2   | 9469 ||| Stepping ~*~*~tactically~*~*~ (stealth).
  9478 | Lair:2   | 9478 ||| PLANNING CONVERSION TO OKAWARU
  9644 | D:5      | Fell from the grace of Ignis
  9644 | D:5      | Became a worshipper of Warmaster Okawaru
  9645 | D:5      | 9645 ||| PLANNING LAIR
  9850 | Lair:2   | 9850 ||| READING scroll of enchant armour.
  9850 | Lair:2   | 9850 ||| ENCHANTING +0 steam dragon scales.
 10005 | Lair:2   | 10005 ||| Stepping ~*~*~tactically~*~*~ (outnumbered).
 10187 | Lair:2   | You fall into a shaft and drop 2 floors!
 10188 | Lair:4   | 10188 ||| READING scroll labelled JOXZOW IDAA.
 10199 | Lair:3   | Reached * piety under Okawaru
 10239 | Lair:3   | Found a staircase to the Swamp.
 10243 | Lair:3   | Identified the +5 ring mail "Derruhyl" {Drain rN++}
 10253 | Lair:3   | 10253 ||| Stepping ~*~*~tactically~*~*~ (hiding).
 10254 | Lair:3   | 10254 ||| Stepping ~*~*~tactically~*~*~ (hiding).
 10269 | Lair:3   | 10269 ||| Stepping ~*~*~tactically~*~*~ (hiding).
 10271 | Lair:3   | 10271 ||| Stepping ~*~*~tactically~*~*~ (hiding).
 10272 | Lair:3   | 10272 ||| Stepping ~*~*~tactically~*~*~ (hiding).
 10281 | Lair:3   | Found a staircase to the Snake Pit.
 10284 | Lair:3   | 10284 ||| INVOKING Heroism.
 10287 | Lair:3   | Reached skill level 1 in Invocations
 10288 | Lair:3   | HP: 24/118 [naga/+0 halberd (9)]
 10289 | Lair:3   | 10289 ||| READING 6 scrolls of teleportation.
 10293 | Lair:3   | HP: 20/118 [poisoned by a naga (splash of poison)]
 10374 | Lair:3   | 10374 ||| Stepping ~*~*~tactically~*~*~ (stealth).
 10678 | Lair:3   | 10678 ||| INVOKING Heroism.
 10694 | Lair:3   | Identified the ring of Voicsueg {rCorr Str+3}
 10721 | Lair:3   | You fall into a shaft and drop 1 floor!
 10801 | Lair:4   | 10801 ||| UPGRADING to ring of Voicsueg {rCorr Str+3}.
 10802 | Lair:4   | 10802 ||| REMOVING ring of resist corrosion.
 10836 | Lair:4   | 10836 ||| Stepping ~*~*~tactically~*~*~ (stealth).
 10837 | Lair:4   | 10837 ||| Stepping ~*~*~tactically~*~*~ (stealth).
 10839 | Lair:4   | 10839 ||| INVOKING Heroism.
 10851 | Lair:4   | Reached skill level 17 in Unarmed Combat
 10952 | Lair:3   | 10952 ||| INVOKING Heroism.
 11003 | Lair:3   | 11003 ||| READING scroll of enchant armour.
 11003 | Lair:3   | 11003 ||| ENCHANTING +1 steam dragon scales.
 11386 | Lair:3   | 11386 ||| UPGRADING to +0 kite shield.
 11421 | Lair:4   | 11421 ||| Stepping ~*~*~tactically~*~*~ (stealth).
 11439 | Lair:4   | Reached skill level 1 in Shields
 11439 | Lair:4   | Reached skill level 3 in Invocations
 11464 | Lair:4   | 11464 ||| INVOKING Heroism.
 11469 | Lair:4   | 11469 ||| Stepping ~*~*~tactically~*~*~ (outnumbered).
 11470 | Lair:4   | 11470 ||| Stepping ~*~*~tactically~*~*~ (outnumbered).
 11471 | Lair:4   | 11471 ||| Stepping ~*~*~tactically~*~*~ (outnumbered).
 11472 | Lair:4   | Reached ** piety under Okawaru
 11615 | Lair:4   | 11615 ||| Stepping ~*~*~tactically~*~*~ (stealth).
 11618 | Lair:4   | 11618 ||| INVOKING Heroism.
 11620 | Lair:4   | 11620 ||| Stepping ~*~*~tactically~*~*~ (stealth).
 11629 | Lair:4   | 11629 ||| Stepping ~*~*~tactically~*~*~ (stealth).
 11632 | Lair:4   | 11632 ||| Stepping ~*~*~tactically~*~*~ (outnumbered).
 11635 | Lair:4   | 11635 ||| Stepping ~*~*~tactically~*~*~ (outnumbered).
 11636 | Lair:4   | 11636 ||| Stepping ~*~*~tactically~*~*~ (outnumbered).
 11637 | Lair:4   | 11637 ||| INVOKING Heroism.
 11645 | Lair:4   | HP: 27/118 [yak (8)]
 11646 | Lair:4   | Reached skill level 3 in Shields
 11646 | Lair:4   | 11646 ||| READING 5 scrolls of teleportation.
 11647 | Lair:4   | 11647 ||| DRINKING potion of heal wounds.
 11735 | Lair:4   | You fall into a shaft and drop 1 floor!
 11735 | Lair:5   | Entered Level 5 of the Lair of Beasts
 11739 | Lair:5   | 11739 ||| INVOKING Heroism.
 11747 | Lair:5   | 11747 ||| Stepping ~*~*~tactically~*~*~ (stealth).
 11750 | Lair:5   | Reached *** piety under Okawaru
 11751 | Lair:5   | 11751 ||| Stepping ~*~*~tactically~*~*~ (outnumbered).
 11753 | Lair:5   | 11753 ||| Stepping ~*~*~tactically~*~*~ (outnumbered).
 11754 | Lair:5   | 11754 ||| Stepping ~*~*~tactically~*~*~ (outnumbered).
 11755 | Lair:5   | 11755 ||| Stepping ~*~*~tactically~*~*~ (outnumbered).
 11931 | Lair:5   | 11931 ||| INVOKING Heroism.
 12017 | Lair:5   | 12017 ||| Stepping ~*~*~tactically~*~*~ (outnumbered).
 12025 | Lair:5   | Reached XP level 13. HP: 124/124 MP: 15/15
 12099 | Lair:5   | 12099 ||| DROPPING ring of resist corrosion.
 12100 | Lair:5   | 12100 ||| UPGRADING to +6 ring of dexterity.
 12101 | Lair:5   | 12101 ||| READING 2 scrolls labelled TOGHEO BITSED.
 12143 | Lair:5   | 12143 ||| INVOKING Heroism.
 12146 | Lair:5   | HP: 27/124 [fire elemental[the fiery vengeance of Ignis]
                  | (8)]
 12147 | Lair:5   | 12147 ||| READING 4 scrolls of teleportation.
 12246 | Lair:5   | 12246 ||| DROPPING scroll of torment.
 12313 | Lair:4   | 12313 ||| INVOKING Heroism.
 12432 | Lair:4   | 12432 ||| Stepping ~*~*~tactically~*~*~ (stealth).
 12433 | Lair:4   | 12433 ||| Stepping ~*~*~tactically~*~*~ (stealth).
 12435 | Lair:4   | 12435 ||| Stepping ~*~*~tactically~*~*~ (stealth).
 12437 | Lair:4   | 12437 ||| Stepping ~*~*~tactically~*~*~ (stealth).
 12438 | Lair:4   | 12438 ||| Stepping ~*~*~tactically~*~*~ (stealth).
 12442 | Lair:4   | 12442 ||| Stepping ~*~*~tactically~*~*~ (stealth).
 12465 | Lair:4   | 12465 ||| Stepping ~*~*~tactically~*~*~ (stealth).
 12466 | Lair:4   | 12466 ||| Stepping ~*~*~tactically~*~*~ (stealth).
 12468 | Lair:4   | 12468 ||| Stepping ~*~*~tactically~*~*~ (stealth).
 12469 | Lair:4   | 12469 ||| Stepping ~*~*~tactically~*~*~ (stealth).
 12471 | Lair:4   | 12471 ||| Stepping ~*~*~tactically~*~*~ (stealth).
 12472 | Lair:4   | 12472 ||| Stepping ~*~*~tactically~*~*~ (stealth).
 12480 | Lair:4   | 12480 ||| Stepping ~*~*~tactically~*~*~ (stealth).
 12483 | Lair:4   | 12483 ||| Stepping ~*~*~tactically~*~*~ (stealth).
 12493 | Lair:4   | 12493 ||| Stepping ~*~*~tactically~*~*~ (stealth).
 12494 | Lair:4   | 12494 ||| INVOKING Heroism.
 12497 | Lair:4   | 12497 ||| Stepping ~*~*~tactically~*~*~ (outnumbered).
 12498 | Lair:4   | 12498 ||| Stepping ~*~*~tactically~*~*~ (outnumbered).
 12499 | Lair:4   | 12499 ||| Stepping ~*~*~tactically~*~*~ (outnumbered).
 12500 | Lair:4   | 12500 ||| Stepping ~*~*~tactically~*~*~ (outnumbered).
 12501 | Lair:4   | 12501 ||| Stepping ~*~*~tactically~*~*~ (outnumbered).
 12504 | Lair:4   | 12504 ||| Stepping ~*~*~tactically~*~*~ (outnumbered).
 12505 | Lair:4   | 12505 ||| Stepping ~*~*~tactically~*~*~ (outnumbered).
 12514 | Lair:4   | Reached skill level 6 in Shields
 12525 | Lair:4   | Reached **** piety under Okawaru
 12721 | Lair:4   | Found a viscous altar of Jiyva.
 12728 | Lair:4   | Found a staircase to the Slime Pits.
 12789 | Lair:4   | 12789 ||| DROPPING +6 ring of intelligence.
 12795 | Lair:5   | 12795 ||| Stepping ~*~*~tactically~*~*~ (stealth).
 12796 | Lair:5   | 12796 ||| INVOKING Heroism.
 12799 | Lair:5   | 12799 ||| Stepping ~*~*~tactically~*~*~ (outnumbered).
 12800 | Lair:5   | 12800 ||| Stepping ~*~*~tactically~*~*~ (outnumbered).
 12801 | Lair:5   | 12801 ||| Stepping ~*~*~tactically~*~*~ (outnumbered).
 12803 | Lair:5   | 12803 ||| Stepping ~*~*~tactically~*~*~ (stealth).
 12804 | Lair:5   | HP: 31/124 [nine-headed hydra (1)]
 12805 | Lair:5   | 12805 ||| READING 4 scrolls of teleportation.
 12805 | Lair:5   | HP: 15/124 [nine-headed hydra (7)]
 12805 | Lair:5   | HP: 2/124 [nine-headed hydra (13)]
 12807 | Lair:5   | Mangled by a seven-headed hydra

Levels and vault maps discovered:
D:1:      saegor_arrival_under_anarchy, layout_basic,
          ebering_ecumenical_altar_petrified
D:2:      layout_basic, nrook_uturn, minmay_hedge_maze, uniq_natasha
D:3:      layout_loops_ring, tso_metal_star, serial_bayou_lagoon_a,
          minmay_ruptured, uniq_crazy_yiuf_cottage
D:4:      layout_gridville, minmay_temple_entry_ruins, bh_walls_and_bars
D:5:      layout_cave_pools, xom_redecorated,
          mainiacjoe_overflow_concentric_impassable, gammafunk_ghost_split,
          minmay_misc_feat_more_columns, serial_bayou_crossing
D:6:      layout_cave_pools, mainiacjoe_overflow_catwalk, nicolae_stop_n_shop_1,
          minmay_misc_feat_encased, uniq_grinder, uniq_edmund, uniq_sigmund,
          uniq_prince_ribbit1
D:7:      layout_basic, general_overflow_altar, elyvilon_altar_1,
          kiku_gazebo_pond_becter, zin_scriptorium
D:8:      layout_gridville, mainiacjoe_overflow_24_doors,
          ploomutoo_gammafunk_ghost_potion_laboratory
D:9:      layout_basic, grunt_gozag_breadcrumbs, nicolae_sif_muna_condensation,
          zombieorc2_lemuel, uniq_erica
D:10:     layout_basic, ashenzari_conservatory_becter, nicolae_overflow_squiral,
          minmay_lair_entry_grove, serial_shops, shop
Lair:1:   layout_regular_city
Lair:2:   layout_regular_city, beast_lair_carwin_7
Lair:3:   minmay_lair_oklob_chamber, layout_misc_corridors, swamp_mist,
          minmay_snake_entry_guardpost_small, lemuel_fruit_fields
Lair:4:   layout_roguey, dpeg_slime_entry_corner
Lair:5:   grunt_lair_end_beastmaster, layout_regular_city,
          ebering_ghost_rock_garden, grunt_megastairs_5, lemuel_fruit_tree

Skill      XL: |  1  2  3  4  5  6  7  8  9 10 11 12 13 |
---------------+----------------------------------------+-----
Unarmed Combat | 4 6 7 8 9 11 13 14 16 17 | 17.0
Fighting       | 3 4 5 6 7 |  7.0
Throwing       | 1 4 6 7 |  7.1
Dodging        | 1 2 |  2.3
Armour         | 1 3 |  3.4
Invocations    | 4 |  4.2
Shields        | 5 6 |  6.5
Spellcasting   | |  1.0
Fire Magic     | |  2.1

Action                   |  1- 3 |  4- 6 |  7- 9 | 10-12 | 13-15 || total
-------------------------+-------+-------+-------+-------+-------++-------
Melee: Unarmed           |    72 |   107 |   169 |   514 |    56 ||   918
       Punch             |     1 |       |     7 |    25 |       ||    33
Throw: Boomerang         |     7 |    60 |    47 |    50 |     5 ||   169
       Large rock        |       |       |       |    58 |     3 ||    61
Invok: Fiery Armour      |       |     1 |     3 |     9 |       ||    13
       Heroism           |       |       |       |     9 |     4 ||    13
  Use: Scroll            |     3 |    10 |     4 |     8 |     3 ||    28
       Potion            |     2 |     3 |     3 |     4 |       ||    12
 Stab: Confused          |       |       |     1 |       |       ||     1
       Sleeping          |       |       |       |     1 |       ||     1
Armor: Robe              |    19 |    27 |    60 |     5 |       ||   111
       Steam dragon scal |       |       |       |   168 |    47 ||   215
Dodge: Dodged            |    23 |    33 |    37 |   146 |    43 ||   282
Block: Kite shield       |       |       |       |    22 |    47 ||    69

Table legend:
 A = Non-vault XP
 B = Vault XP
 C = Vault XP percentage of total XP
 D = Non-vault monster count
 E = Vault monster count
 F = Vault count percentage of total count
                 A         B        C        D         E       F
            +---------+---------+-------+---------+---------+-------
      Total |   34442 |    8308 |  19.4 |     268 |      72 |  21.2
            +---------+---------+-------+---------+---------+-------
        D:1 |      23 |       0 |   0.0 |      14 |       0 |   0.0
        D:2 |      84 |      35 |  29.4 |      20 |       1 |   4.8
        D:3 |     196 |      17 |   8.0 |      16 |       3 |  15.8
        D:4 |     104 |       0 |   0.0 |      10 |       0 |   0.0
        D:5 |     692 |       0 |   0.0 |       9 |       0 |   0.0
        D:6 |     777 |     931 |  54.5 |      19 |       4 |  17.4
        D:7 |    1634 |       0 |   0.0 |      28 |       0 |   0.0
        D:8 |    2006 |       0 |   0.0 |      17 |       0 |   0.0
        D:9 |    3223 |    1638 |  33.7 |      23 |      37 |  61.7
       D:10 |    2705 |    2336 |  46.3 |      19 |      12 |  38.7
     Lair:1 |    4832 |       0 |   0.0 |      21 |       0 |   0.0
     Lair:2 |    4637 |    2007 |  30.2 |      18 |      11 |  37.9
     Lair:3 |    1650 |     483 |  22.6 |       9 |       3 |  25.0
     Lair:4 |    8326 |       0 |   0.0 |      31 |       0 |   0.0
     Lair:5 |    3553 |     861 |  19.5 |      14 |       1 |   6.7
            +---------+---------+-------+---------+---------+-------
